 Dungeon Crawl Stone Soup version 0.21.0-30-g47ce8e4 (webtiles) character file.

594 Goblin1989 the Slicer (level 7, 0/41 HPs)
             Began as a Kobold Berserker on Jan 28, 2018.
             Was a Priest of Trog.
             Slain by an orc
             ... wielding a +0 hand axe
              (3 damage)
             ... on level 5 of the Dungeon.
             The game lasted 00:07:59 (5228 turns).

Goblin1989 the Slicer (Kobold Berserker)            Turns: 5228, Time: 00:07:59

Health: 0/41       AC:  9    Str: 15    XL:     7   Next: 67%
Magic:  7/7        EV: 15    Int:  8    God:    Trog [***...]
Gold:   38         SH:  0    Dex: 16    Spells: 6/6 levels left

rFire    . . .     SeeInvis .   f - +2 dagger (protect)
rCold    . . .     Gourm    .   (shield restricted)
rNeg     . . .     Faith    +   b - +0 animal skin
rPois    +         Spirit   .   (no helmet)
rElec    .         Reflect  .   (no cloak)
rCorr    .         Harm     .   (no gloves)
MR       .....                  (no boots)
Stlth    ++++......             I - amulet of faith {!P}
HPRegen  0.13/turn              o - ring of poison resistance (curse)
MPRegen  0.10/turn              x - ring of stealth

@: protection aura
A: small, carnivore
a: Berserk, Trog's Hand, Burn Spellbooks, Renounce Religion


You were on level 5 of the Dungeon.
You worshipped Trog.
Trog was most pleased with you.
You were completely stuffed.

You visited 1 branch of the dungeon, and saw 5 of its levels.

You collected 168 gold pieces.
You spent 130 gold pieces at shops.

Inventory:

Hand Weapons
 a - a +0 short sword
 f - a +2 dagger of protection (weapon)
Armour
 b - a +0 animal skin (worn)
Jewellery
 o - a cursed ring of poison resistance (left hand)
 x - a ring of stealth (right hand)
 I - an amulet of faith (around neck) {!P}
Wands
 z - a wand of flame (40)
Scrolls
 g - 3 scrolls of teleportation {unknown}
 i - a scroll of blinking {unknown}
 l - 4 scrolls of fear {unknown}
 m - 3 scrolls of amnesia {unknown}
 n - 2 scrolls of random uselessness {unknown}
 q - 2 scrolls of magic mapping {unknown}
 t - 5 scrolls of identify {unknown}
 u - 2 scrolls of enchant weapon {unknown}
 y - 2 scrolls of remove curse {unknown}
 B - a scroll of immolation {unknown}
 H - a scroll of fog {unknown}
Potions
 j - 3 potions of lignification {unknown}
 k - 4 potions of heal wounds {unknown}
 p - a potion of brilliance {unknown}
 r - a potion of flight {unknown}
 s - 2 potions of ambrosia {unknown}
 D - 2 potions of curing {unknown}
 E - 4 potions of invisibility {unknown}
 F - 2 potions of resistance {unknown}
Comestibles
 e - 11 rations
 J - 4 chunks of flesh


   Skills:
 - Level 3.2 Fighting
 * Level 9.2 Short Blades
 - Level 1.5 Armour
 - Level 2.4 Dodging
 + Level 6.0 Stealth


You had 6 spell levels left.
You didn't know any spells.

Dungeon Overview and Level Annotations

Branches:
Dungeon (5/15)
 Temple: D:4-7

Altars:
Ashenzari
Dithmenos
Elyvilon
Makhleb
Okawaru
Yredelemnul
The Shining One

Shops:
D:5 *

Annotations:
D:4 exclusion: slave


Innate Abilities, Weirdness & Mutations

You are small and have problems with some larger weapons.
You are carnivorous and can eat meat at any time.


Message History

You kill the worker ant!
Trog accepts your kill.
The orc wizard gestures wildly while chanting.
The orc wizard blinks!
The orc barely misses you.
You closely miss the orc. The orc hits you but does no damage.
The orc barely misses you. The orc hits you but does no damage.
You barely miss the orc wizard. The orc wizard closely misses you.
The orc closely misses you. The orc completely misses you.
The orc hits you with a hand axe.
You take 2 damage, and have 33/41 hp.
You hit the orc wizard but do no damage.
The orc barely misses you.
The orc wizard mumbles some strange words.
The orc wizard blinks!
You hit the orc.
The orc is severely wounded.
The orc closely misses you. The orc barely misses you. x2
You hit the orc.
You kill the orc!
Trog accepts your kill. The orc hits you but does no damage. x2
You hit the orc.
The orc is moderately wounded.
The orc wizard gestures wildly while chanting.
The orc wizard blinks!
The orc barely misses you. The orc misses you.
You barely miss the orc.
The orc is lightly wounded.
You hit the orc.
The orc is heavily wounded.
The orc barely misses you. The orc closely misses you.
The orc wizard misses you.
You hit the orc but do no damage.
The orc is heavily wounded.
The orc hits you with a hand axe. The orc wizard barely misses you.
The orc closely misses you.
You take 4 damage, and have 30/41 hp.
You hit the orc but do no damage.
The orc is heavily wounded.
The orc hits you with a hand axe! The orc wizard barely misses you.
You take 8 damage, and have 22/41 hp.
You are too injured to fight recklessly!
You are too injured to fight recklessly!
You are too injured to fight recklessly!
You are too injured to fight recklessly!
You are too injured to fight recklessly!
You are too injured to fight recklessly!
You are too injured to fight recklessly!
You are too injured to fight recklessly!
You are too injured to fight recklessly!
You are too injured to fight recklessly!
You are too injured to fight recklessly!
You are too injured to fight recklessly!
You are too injured to fight recklessly!
You are too injured to fight recklessly!
You are too injured to fight recklessly!
You are too injured to fight recklessly!
You are too injured to fight recklessly!
You are too injured to fight recklessly!
You are too injured to fight recklessly!
You are too injured to fight recklessly!
You are too injured to fight recklessly!
You are too injured to fight recklessly!
You are too injured to fight recklessly!
You are too injured to fight recklessly!
You are too injured to fight recklessly!
You are too injured to fight recklessly!
You are too injured to fight recklessly!
You are too injured to fight recklessly!
You are too injured to fight recklessly!
Unknown command.
The orc closely misses you.
The orc wizard hits you but does no damage.
The orc misses you. The orc closely misses you.
The orc wizard hits you with a dagger. The orc wizard closely misses you.
You see here a dart slug corpse.
You feel yourself speed up. The orc wizard hits you with a dagger.
You take 3 damage, and have 19/41 hp.
You see here a ring mail.
The orc wizard gestures wildly while chanting.
The orc wizard blinks!
You closely miss the orc. The orc hits you with a flail!
* * * LOW HITPOINT WARNING * * *
You take 10 damage, and have 10/41 hp.
MASSIVE DAMAGE!!
You closely miss the orc. You hit the orc.
Your weapon exudes an aura of protection.
The orc is moderately wounded.
You hit the orc.
You kill the orc!
Trog accepts your kill. The orc hits you with a hand axe!
* * * LOW HITPOINT WARNING * * *
Things that are here:
a flail; an orc corpse You take 7 damage, and have 3/41 hp.
You hit the orc but do no damage.
The orc is moderately wounded.
The orc hits you with a hand axe.
You die...

..██............█
..███....██████.█ ███
████...[.██>█ ███
█████....█ ...██ ███..█
█..███ ██....██ █)..█
█..██..█ ███.██ █.████.█
█..████.█ █@█
██......████o██ ████..
███......██.o██████.....
██.████.███..†.█...███.█
█..█ █....███......>..█
█████.██
████.....))███..██
█)....█ ████..█.█
█.....█ ███ ...██.o.
█.....██...


████ █.... You could see an orc wizard and an orc.

Vanquished Creatures
  An ogre (D:5)
  A hound (D:4)
  An orc priest (D:4)
  2 centaur skeletons (D:5)
  Natasha (thrice) (D:4)
  3 worker ants
  A hound zombie (D:5)
  A worker ant zombie (D:3)
  3 gnolls (D:3)
  3 adders
  2 shadow imps
  2 oozes (D:2)
  4 worms
  6 dart slugs
  2 leopard geckos
  15 orcs
  2 ball pythons (D:3)
  5 giant cockroaches
  8 goblins
  9 hobgoblins
  4 jackals (D:2)
  10 kobolds
  3 quokkas
  6 bats
  3 frilled lizards
  2 quokka skeletons (D:4)
  12 rats
114 creatures vanquished.

Notes
Turn   | Place    | Note
-------+----------+-------------------------------------------
     0 | D:1      | Goblin1989 the Kobold Berserker began the quest for the Orb.
     0 | D:1      | Reached XP level 1. HP: 14/14 MP: 1/1
   128 | D:1      | Reached skill level 1 in Stealth
   128 | D:1      | Reached XP level 2. HP: 12/19 MP: 2/2
   642 | D:1      | Reached XP level 3. HP: 19/23 MP: 3/3
   717 | D:1      | Reached skill level 5 in Short Blades
   933 | D:1      | Reached ** piety under Trog
  1485 | D:2      | Reached XP level 4. HP: 28/28 MP: 4/4
  1573 | D:2      | Found a burning altar of Makhleb.
  1574 | D:2      | Found an iron altar of Okawaru.
  1576 | D:2      | Found a white marble altar of Elyvilon.
  1577 | D:2      | Found a basalt altar of Yredelemnul.
  1578 | D:2      | Found a shadowy altar of Dithmenos.
  1579 | D:2      | Found a shattered altar of Ashenzari.
  1886 | D:2      | Reached skill level 6 in Short Blades
  2633 | D:3      | Reached XP level 5. HP: 24/32 MP: 5/5
  3306 | D:3      | Reached *** piety under Trog
  3654 | D:3      | Reached skill level 7 in Short Blades
  3712 | D:4      | Reached XP level 6. HP: 31/37 MP: 6/6
  4051 | D:4      | Noticed Natasha
  4060 | D:4      | Killed Natasha
  4201 | D:4      | Reached skill level 8 in Short Blades
  4213 | D:4      | Reached skill level 5 in Stealth
  4416 | D:4      | Noticed Natasha
  4424 | D:4      | Killed Natasha
  4459 | D:4      | Found a glowing golden altar of the Shining One.
  4739 | D:4      | Noticed Natasha
  4754 | D:4      | Killed Natasha
  4754 | D:4      | Reached XP level 7. HP: 33/41 MP: 7/7
  4851 | D:5      | Entered Level 5 of the Dungeon
  4880 | D:5      | Found Nisewut's Assorted Antiques.
  4898 | D:5      | Bought a smoky coppery potion for 18 gold pieces
  4898 | D:5      | Bought an amethyst potion for 18 gold pieces
  4898 | D:5      | Bought a scroll labeled XEMEPT HESSAM for 20 gold pieces
  4898 | D:5      | Bought 2 smoky coppery potions for 36 gold pieces
  4898 | D:5      | Bought a coppery potion for 18 gold pieces
  4898 | D:5      | Bought a scroll labeled FOIRIO SEUGAYR for 20 gold pieces
  5116 | D:5      | Reached skill level 9 in Short Blades
  5228 | D:5      | Slain by an orc

Skill      XL: |  1  2  3  4  5  6  7 |
---------------+----------------------+-----
Stealth        | 1 2 3 4 5 6 |  6.0
Short Blades   | 5 6 7 8 9 |  9.2
Fighting       | |  3.2
Armour         | |  1.5
Dodging        | |  2.4

Action                   |  1- 3 |  4- 6 |  7- 9 || total
-------------------------+-------+-------+-------++-------
Melee: Dagger            |   122 |   323 |    72 ||   517
       Short sword       |     3 |       |       ||     3
Invok: Berserk           |       |     2 |       ||     2
       Trog's Hand       |       |     1 |       ||     1
 Stab: Sleeping          |     4 |    12 |     6 ||    22
       Distracted        |       |       |     1 ||     1
  Eat: Chunk             |    10 |    13 |     1 ||    24
Armor: Animal skin       |    32 |    45 |    15 ||    92
Dodge: Dodged            |    74 |   183 |    43 ||   300

Vault maps used:
D:1:      lemuel_arrival_river_ford
D:2:      grunt_temple_overflow_open
D:4:      lemuel_doored_altar, uniq_natasha, uniq_pikel
D:5:      first_ration, serial_shops, nicolae_shop_stone, st_stairs_9
